 Dungeon Crawl Stone Soup version 0.29-a0-321-gf1c400731a (webtiles) character file.

Game seed: 4103233484210787229

13 Murumi the Ducker (level 2, 0/19 HPs)
             Began as a Vampire Monk on Apr 5, 2022.
             Slain by a kobold
             ... wielding a +0 dagger
              (3 damage)
             ... on level 1 of the Dungeon.
             The game lasted 00:01:54 (508 turns).

Murumi the Ducker (Vampire Monk)                     Turns: 508, Time: 00:01:55

Health: 0/19       AC:  2    Str: 10    XL:     2   Next: 24%
Magic:  2/2        EV: 13    Int: 12    God:
Gold:   9          SH:  0    Dex: 16    Spells: 1/1 levels left

rFire   . . .      SeeInvis +   a - +0 falchion
rCold   + + .      Faith    .   (no shield)
rNeg    + + +      Spirit   .   b - +0 robe
rPois   ∞          Reflect  .   (no helmet)
rElec   .          Harm     .   (no cloak)
rCorr   .          Rampage  .   (no gloves)
Will    .....                   (no boots)
Stlth   ++++......              (no amulet)
HPRegen 0.00/turn               (no ring)
MPRegen 0.08/turn               (no ring)

@: bloodless, inhibited regen
A: bloodless, fangs 3, see invisible, vampiric 1
a: Revivify


You were on level 1 of the Dungeon.
You visited 1 branch of the dungeon, and saw 1 of its levels.

You collected 9 gold pieces.

Inventory:

Hand Weapons
 a - a +0 falchion (weapon)
Armour
 b - a +0 robe (worn)
Potions
 c - 2 potions of ambrosia
 d - 2 potions of heal wounds
 e - a potion of lignification {unknown}


   Skills:
 - Level 3.0 Fighting
 - Level 3.0 Long Blades
 + Level 3.8 Dodging
 - Level 3.0 Stealth


You had one spell level left.
You didn't know any spells.
Your spell library was empty.

Dungeon Overview and Level Annotations

Branches:
Dungeon (1/15)

Altars:


Innate Abilities, Weirdness & Mutations

You do not regenerate when monsters are visible.
You are frail without blood (-20% HP).
You can heal yourself when you bite living creatures.
You are immune to poison.
You have razor-sharp teeth.
You have supernaturally acute eyesight. (SInv)
You are afflicted with vampirism.


Message History

The jackal bites you but does no damage.
The jackal closely misses you.
You closely miss the jackal.
The jackal is severely wounded.
The jackal closely misses you.
You barely miss the jackal.
The jackal is severely wounded.
The jackal closely misses you.
The jackal bites you but does no damage.
You closely miss the jackal.
The jackal is severely wounded.
The jackal misses you.
You hit the jackal.
You kill the jackal!
The bat barely misses you.
You hit the bat but do no damage. The bat closely misses you. x2
You hit the bat but do no damage. The bat barely misses you.
The bat hits you but does no damage. The jackal barely misses you.
The jackal bites you.
Things that are here:
a jackal corpse; a jackal corpse The kobold attacks as you move away!
The kobold hits you with a +0 dagger.
You are too injured to fight recklessly!
You closely miss the jackal. The jackal bites you.
* * * LOW HITPOINT WARNING * * *
The jackal bites you but does no damage.
You barely miss the jackal. Your bite misses the jackal.
The jackal closely misses you.
You barely miss the jackal. The jackal bites you.
* * * LOW HITPOINT WARNING * * *
The jackal misses you.
You miss the jackal. The jackal closely misses you. x2
You hit the jackal.
You kill the jackal!
The bat hits you but does no damage. The bat misses you.
You barely miss the bat. The bat misses you.
You closely miss the kobold. The kobold hits you with a +0 dagger.
* * * LOW HITPOINT WARNING * * *
You closely miss the kobold. The kobold hits you with a +0 dagger.
You die...

....................
##.###...#######.##
#.##.............. .
................# ..
................##.
...
#................. .
..................
....#..###.####.##
....#.. #@####.# ..
#.. #K#....##.#
...###bg........
.................
................
.....#.###..##J#
.....#.# ..#
.......# ## ...#.#..


You could see a hobgoblin, a bat and a kobold.

Vanquished Creatures
  A giant cockroach (D:1)
  A goblin (D:1)
  A hobgoblin (D:1)
  4 jackals (D:1)
  2 frilled lizards (D:1)
  A kobold (D:1)
  2 rats (D:1)
12 creatures vanquished.

Notes
Turn   | Place    | Note
-------+----------+-------------------------------------------
     0 | D:1      | Murumi the Vampire Monk began the quest for the Orb.
     0 | D:1      | Reached XP level 1. HP: 17/17 MP: 1/1
   484 | D:1      | Reached XP level 2. HP: 19/19 MP: 2/2
   508 | D:1      | Slain by a kobold

Illustrated notes

Levels and vault maps discovered:
D:1:      matt_arrival_grand_opening, layout_basic, minmay_misc_feat_iff,
          kennysheep_nondescript, st_stairs_2, minmay_tripent

Skill      XL: |  1 |
---------------+----+-----
Fighting       | 3 |  3.0
Long Blades    | |  3.0
Dodging        | |  3.8
Stealth        | |  3.0

Action                   || total
-------------------------++-------
Melee: Falchion          ||    48
       Bite              ||     4
 Abil: Exsanguinate      ||     1
  Use: Scroll            ||     3
 Stab: Sleeping          ||     4
Armor: Robe              ||    11
Dodge: Dodged            ||    31

Table legend: (Time is in decaauts)
 A = Elapsed time spent in this place.
 B = Non-inter-level travel time spent in this place.
 C = Inter-level travel time spent in this place.
 D = Time resting spent in this place.
 E = Time spent auto-exploring this place.
 F = Levels seen in this place.
 G = Mean time per level.
                   A        B        C        D        E       F      G
               +--------+--------+--------+--------+--------+-----+--------+
         Total |    515 |    515 |      0 |      0 |    399 |   1 |  515.0 |
       Dungeon |    515 |    515 |      0 |      0 |    399 |   1 |  515.0 |
               +--------+--------+--------+--------+--------+-----+--------+

Top non-repeatable levels by time:
     D:1: 515 daAuts
